 Dungeon Crawl Stone Soup version 0.31-a0-1300-gb6740aa4e6 (webtiles) character file.

Game seed: 2555571637053974848

10068 Ekaitz the Arsonist (level 11, -5/81 HPs)
             Began as a Demonspawn Fire Elementalist on Dec 18, 2023.
             Was a Believer of Sif Muna.
             Slain by a vampire (9 damage)
             ... on level 10 of the Dungeon.
             The game lasted 00:29:39 (9784 turns).

Ekaitz the Arsonist (Demonspawn Fire Elementalist)  Turns: 9784, Time: 00:29:40

Health: -5/81      AC:  8    Str:  9    XL:     11   Next: 31%
Magic:  5/28       EV: 16    Int: 20    God:    Sif Muna [**....]
Gold:   518        SH:  0    Dex: 13    Spells: 4/21 levels left

rFire   + . .        W - staff of fire
rCold   + + .        C - +0 buckler
rNeg    . . .        D - +2 leather armour {rC+}
rPois   .            U - +0 helmet
rElec   .            O - +0 cloak
rCorr   .            E - +0 pair of gloves
SInv    .            (no boots)
Will    .....        z - amulet of reflection
Stlth   +            m - ring of protection from cold
HPRegen 0.33/turn    s - ring of magical power
MPRegen 0.21/turn

%: repel missiles, reflection
@: confused, slowed, very slow
A: repulsion field 3, demonic guardian 1, ignite blood 3
a: Renounce Religion, Channel Magic


You were on level 10 of the Dungeon.
You worshipped Sif Muna.
Sif Muna was pleased with you.
You visited 3 branches of the dungeon, and saw 12 of its levels.
You also visited: Sewer.

You collected 568 gold pieces.
You spent 50 gold pieces at shops.

Inventory:

Hand Weapons
 c - a +2 dagger of venom
 S - a +2 rapier of electrocution
 T - the +1 short sword "Cargh" {pain, rC+}
   (You found it on level 7 of the Dungeon)

   rC+:       It protects you from cold.
 X - the +2 trident of Fate {flame, rF+ Dex+3}
   (You found it on level 7 of the Dungeon)

   Dex+3:     It affects your dexterity (+3).
   rF+:       It protects you from fire.
Missiles
 g - 12 javelins
 w - 2 throwing nets
Armour
 C - a +0 buckler (worn)
 D - a +2 leather armour of cold resistance (worn)
 E - a +0 pair of gloves (worn)
 O - a +0 cloak (worn)
 U - a +0 helmet (worn)
Magical Staves
 u - a staff of death
 W - a staff of fire (weapon)
Jewellery
 i - a ring of fire
 m - a ring of protection from cold (left hand)
 r - a ring of fire
 s - a ring of magical power (right hand)
 t - a ring of poison resistance
 z - an amulet of reflection (around neck)
Wands
 o - a wand of digging (6)
 L - a wand of charming (22)
 Q - a wand of iceblast (8)
 Z - a wand of flame (27)
Scrolls
 a - 4 scrolls of fear {unknown}
 e - 11 scrolls of teleportation
 h - 3 scrolls of vulnerability {unknown}
 l - a scroll of blinking {unknown}
 n - 2 scrolls of poison {unknown}
 x - 5 scrolls of enchant weapon {unknown}
 y - a scroll of immolation
 A - a scroll of fog
 F - 4 scrolls of enchant armour {unknown}
 G - a scroll of amnesia {unknown}
 H - a scroll of silence {unknown}
 V - a scroll of butterflies
Potions
 b - 2 potions of magic
 d - 2 potions of curing
 j - 3 potions of enlightenment
 k - 3 potions of brilliance {unknown}
 p - 6 potions of degeneration {unknown}
 q - a potion of resistance
 v - 4 potions of haste
 B - a potion of berserk rage
 I - a potion of ambrosia {unknown}
 K - a potion of heal wounds
 M - a potion of might {unknown}
Miscellaneous
 f - a condenser vane


   Skills:
 * Level 5.8 Fighting
 + Level 0.5 Short Blades
 + Level 0.5 Polearms
 + Level 1.6 Armour
 * Level 5.4 Dodging
 + Level 3.2 Stealth
 * Level 5.0 Shields
 + Level 5.6 Spellcasting
 * Level 6.6 Conjurations
 + Level 0.4 Hexes
 * Level 1.8 Necromancy
 * Level 4.8 Translocations
 * Level 8.5 Fire Magic
 * Level 1.5 Poison Magic
 * Level 4.8 Invocations


You had 4 spell levels left.
You knew the following spells:

 Your Spells              Type           Power      Damage    Failure   Level
a - Foxfire               Conj/Fire      100%       2x1d9     1%          1
b - Scorch                Fire           100%       2d9       1%          2
c - Volatile Blastmotes   Fire/Tloc      96%        2d18      4%          3
d - Flame Wave            Conj/Fire      52%        2d13      10%         4
e - Inner Flame           Hex/Fire       35%        N/A       11%         3
f - Cigotuvi's Dreadful   Necr/Pois/Air  20%        N/A       21%         2
k - Blink                 Tloc           48%        N/A       4%          2

Your spell library contained the following spells:

 Spells                   Type           Power      Damage    Failure   Level
 Kiss of Death            Conj/Necr      88%        2d12      3%          1
 Shock                    Conj/Air       72%        1d7       5%          1
 Ignite Poison            Fire/Tmut/Pois 28%        N/A       16%         3
 Mephitic Cloud           Conj/Pois/Air  16%        N/A       22%         3
 Poisonous Vapours        Pois/Air       16%        N/A       24%         2
 Manifold Assault         Tloc           24%        N/A       30%         4
 Confusing Touch          Hex            7%         N/A       47%         3
 Swiftness                Air            5%         N/A       54%         3
 Dispel Undead            Necr           13%        3d9       69%         4
 Airstrike                Air            2%         2d(1-17)  91%         4
 Freezing Cloud           Conj/Ice/Air   7%         6-21      94%         5
 Death Channel            Necr           6%         N/A       100%        6


Dungeon Overview and Level Annotations

Branches:
Dungeon (10/15)            Temple (1/1) D:7            Lair (1/5) D:9
    Orc (0/2) D:10          Sewer (visited)

Altars:
Ashenzari
Cheibriados
Dithmenos
Fedhas
Gozag
Hepliaklqana
Kikubaaqudgha
Makhleb
Nemelex Xobeh
Okawaru
Qazlal
Ru
Sif Muna
Trog
Uskayaw
Vehumet
Wu Jian
Xom
Yredelemnul

Shops:
D:2 ?   D:10 (


Innate Abilities, Weirdness & Mutations

You are surrounded by a strong repulsion field. (EV +4, RMsl)
A weak demonic guardian rushes to your aid.
Your demonic aura causes all spilled blood to erupt in flames.


Message History

Confirm with . or Enter, or press ? or * to list all spells.
Casting: Flame Wave (dangerous; 10% risk of failure)
Press: ? - help, Dir - look around, f - activate You feel a surge of power!
A wave of flame ripples out!
The flame wave engulfs something but does no damage.
The flame wave engulfs the wraith!
The wraith is severely damaged. (Press . to intensify the flame waves.)
Something hits you but does no damage. You block something's attack.
You block the wraith's attack. Something hits you. Something bites you.
Something draws strength from your injuries!
The wraith barely misses you.
Unknown command.
A wave of flame ripples out!
The flame wave engulfs something!
The flame wave engulfs the wraith.
The wraith is almost destroyed.
Something hits you but does no damage. Something barely misses you.
The wraith completely misses you.
Unknown command.
A wave of flame ripples out!
The flame wave engulfs something!
The flame wave engulfs the wraith!
You destroy the wraith!
Sif Muna accepts your kill.
You finish channelling waves of flame.
Something hits you. Something bites you!
Something draws strength from your injuries!
Something barely misses you. x2
You hear some strange, mumbled words.
You are confused.
Unknown command.
You bump into the rock wall.
Something draws life force from you!
* * * LOW HITPOINT WARNING * * *
A demonic guardian appears!
Unknown command.
Unknown command.
You hear some strange, mumbled words.
Something tries to affect you, but you resist.
Something hits you!
* * * LOW HITPOINT WARNING * * *
Something bites you!
You die...

#.........### ###
####.........### ##?($
+#..##......#...##
#.....##....#......###..#
.......[....#.###### ##.#
...8...##..##..## #..
.......##'##....# ###
#.....##..##....### #
##$$$##.@5.#......# #
#####'.ยง..#...##.### #
##..##..##...##...### #
+....####....####...###
#....# #....# ###...#
##..## #....# ###.. ##'#
#....# ####### #..#
####.## #...... #.##
#...# #......


You could see a friendly quasit (summoned).

Vanquished Creatures
  A hydra (D:10)
  A centaur warrior (D:10)
  A two-headed ogre (D:9)
  Pikel (D:7)
  A deep elf pyromancer (D:10)
  A gargoyle (D:10)
  2 rime drakes
  An unseen horror (D:10)
  A freezing wraith (D:10)
  A troll (D:10)
  Grinder (D:6)
  A vampire (D:10)
  4 yaks (D:9)
  A wraith (D:10)
  Grum (D:7)
  A steam dragon (D:10)
  2 water moccasins
  2 orc warriors (D:10)
  A black bear (D:7)
  5 ice beasts
  A sky beast (D:8)
  2 ogres
  4 wolves
  5 centaurs
  3 kobold brigands
  A phantom (D:7)
  Blork the orc (D:5)
  2 bullfrogs (D:7)
  4 gnoll sergeants (D:7)
  2 scorpions
  A necrophage (D:6)
  9 killer bees
  2 jellies
  A gnoll bouda (D:7)
  6 orc priests
  9 hounds
  A sleepcap (D:5)
  Jessica (D:2)
  An iguana (D:5)
  5 orc wizards
  A hound skeleton (D:6)
  18 gnolls
  A river rat (Sewer)
  5 adders
  2 shadow imps
  2 white imps
  2 ufetubi (D:5)
  4 worms
  3 dart slugs
  31 orcs
  9 bats
  7 endoplasms
  2 giant cockroaches (D:4)
  5 goblins
  6 hobgoblins
  7 jackals
  A quokka (D:5)
  8 ball pythons
  7 frilled lizards
  17 kobolds
  8 rats
  A butterfly (D:7)
238 creatures vanquished.

Vanquished Creatures (collateral kills)
  A polar bear (D:9)
  A hound (D:7)
  A kobold (D:9)
  2 foxfires
5 creatures vanquished.

Vanquished Creatures (others)
  866 foxfires
866 creatures vanquished.

Grand Total: 1109 creatures vanquished

Notes
Turn   | Place    | Note
-------+----------+-------------------------------------------
     0 | D:1      | Ekaitz the Demonspawn Fire Elementalist began the quest for
                  | the Orb.
     0 | D:1      | Reached XP level 1. HP: 13/13 MP: 3/3
   140 | D:1      | Found a faded altar of an unknown god.
   514 | D:1      | Reached skill level 3 in Fire Magic
   531 | D:1      | Gained mutation: You are surrounded by a mild repulsion
                  | field. (EV +2) [demonic ancestry]
   531 | D:1      | Reached XP level 2. HP: 19/19 MP: 0/5
   534 | D:1      | Learned a level 2 spell: Scorch
   885 | D:2      | Noticed Jessica
   907 | D:2      | Killed Jessica
   908 | D:2      | Gained mutation: Your demonic aura sometimes causes spilled
                  | blood to erupt in flames. [demonic ancestry]
   908 | D:2      | Reached XP level 3. HP: 24/25 MP: 0/6
   912 | D:2      | Learned a level 3 spell: Volatile Blastmotes
  1154 | D:2      | Found Omucamaer's Magic Scroll Boutique.
  1159 | D:2      | Bought a scroll of teleportation for 30 gold pieces
  1159 | D:2      | Bought a scroll of identify for 20 gold pieces
  1318 | D:2      | Gained mutation: Your demonic aura often causes spilled
                  | blood to erupt in flames. [demonic ancestry]
  1318 | D:2      | Reached XP level 4. HP: 31/31 MP: 0/7
  1586 | D:2      | Reached skill level 1 in Fighting
  2225 | D:3      | Reached skill level 4 in Fire Magic
  2225 | D:3      | Gained mutation: You are surrounded by a moderate repulsion
                  | field. (EV +3) [demonic ancestry]
  2225 | D:3      | Reached XP level 5. HP: 37/37 MP: 8/8
  2229 | D:3      | Reached skill level 1 in Translocations
  2364 | D:3      | Found an opulent altar of Gozag.
  2416 | D:3      | Found a broken altar of Ashenzari.
  2681 | D:4      | Found a glowing drain.
  2801 | Sewer    | Entered a sewer
  2913 | Sewer    | Gained mutation: You are surrounded by a strong repulsion
                  | field. (EV +4, RMsl) [demonic ancestry]
  2913 | Sewer    | Reached XP level 6. HP: 39/44 MP: 8/9
  3088 | D:4      | Found a blossoming altar of Fedhas.
  3316 | D:4      | Reached skill level 1 in Shields
  3746 | D:5      | Entered Level 5 of the Dungeon
  3749 | D:5      | Reached XP level 7. HP: 50/50 MP: 11/11
  3888 | D:5      | Noticed Blork the orc
  3893 | D:5      | Killed Blork the orc
  3900 | D:5      | Learned a level 4 spell: Flame Wave
  4023 | D:5      | Reached skill level 5 in Fire Magic
  4840 | D:6      | Reached XP level 8. HP: 57/57 MP: 13/13
  5257 | D:6      | Noticed Grinder
  5263 | D:6      | Killed Grinder
  5272 | D:6      | Learned a level 3 spell: Inner Flame
  5436 | D:6      | Reached skill level 6 in Fire Magic
  5484 | D:6      | Found a burning altar of Makhleb.
  5672 | D:7      | Found a snail-covered altar of Cheibriados.
  5733 | D:7      | Found a staircase to the Ecumenical Temple.
  5745 | Temple   | Entered the Ecumenical Temple
  5752 | Temple   | Became a worshipper of Sif Muna the Loreminder
  5863 | D:7      | Gained mutation: A weak demonic guardian rushes to your
                  | aid. [demonic ancestry]
  5863 | D:7      | Reached XP level 9. HP: 64/64 MP: 15/15
  6031 | D:7      | Identified the maw talisman of a ziggurat {Slay+5}
  6054 | D:7      | Identified the +1 short sword "Cargh" {pain, rC+}
  6123 | D:7      | Noticed an angel
  6239 | D:7      | Noticed Pikel
  6249 | D:7      | Killed Pikel
  6250 | D:7      | Reached skill level 5 in Conjurations
  6338 | D:7      | Reached * piety under Sif Muna
  6538 | D:7      | Reached skill level 7 in Fire Magic
  6710 | D:7      | Identified the +2 trident of Fate {flame, rF+ Dex+3}
  6797 | D:7      | Identified the beast talisman "Earthly Heaven" {+Blink}
  6953 | D:7      | Noticed Grum
  6960 | D:7      | Killed Grum
  6961 | D:7      | Reached skill level 1 in Invocations
  7299 | D:8      | Reached XP level 10. HP: 73/73 MP: 9/17
  7412 | D:8      | Learned a level 2 spell: Blink
  7856 | D:9      | Reached ** piety under Sif Muna
  7933 | D:9      | Reached skill level 1 in Armour
  7952 | D:9      | Reached skill level 5 in Spellcasting
  7956 | D:9      | HP: 1/73 [polar bear (3)]
  7963 | D:9      | HP: 1/73 [polar bear (13)]
  8155 | D:9      | Found a staircase to the Lair.
  8161 | D:9      | Noticed a two-headed ogre
  8171 | D:9      | Killed a two-headed ogre
  8172 | D:9      | Reached skill level 5 in Fighting
  8172 | D:9      | Reached skill level 5 in Dodging
  8216 | Lair:1   | Entered Level 1 of the Lair of Beasts
  8487 | Lair:1   | Learned a level 2 spell: Cigotuvi's Dreadful Rot
  8779 | D:9      | Reached skill level 8 in Fire Magic
  8916 | D:9      | Found an ornate altar of the Wu Jian Council.
  8925 | D:10     | Entered Level 10 of the Dungeon
  8925 | D:10     | Noticed a deep elf pyromancer
  8925 | D:10     | Noticed a gargoyle
  8925 | D:10     | Found Xiutoar's Weapon Emporium.
  8961 | D:10     | Killed a gargoyle
  9172 | D:10     | Noticed a four-headed hydra
  9174 | D:10     | Noticed a centaur warrior
  9205 | D:10     | Killed a deep elf pyromancer
  9206 | D:10     | Reached skill level 1 in Necromancy
  9206 | D:10     | Reached skill level 1 in Poison Magic
  9206 | D:10     | Gained mutation: Your demonic aura causes all spilled blood
                  | to erupt in flames. [demonic ancestry]
  9206 | D:10     | Reached XP level 11. HP: 54/80 MP: 8/19
  9290 | D:10     | Killed a four-headed hydra
  9292 | D:10     | Killed a centaur warrior
  9303 | D:10     | Identified the +10 great mace of Generosity {venom, rPois
                  | rF+}
  9570 | D:10     | Found a staircase to the Orcish Mines.
  9766 | D:10     | Reached skill level 5 in Shields
  9784 | D:10     | HP: 4/81 [something (9)]
  9784 | D:10     | Slain by a vampire

Illustrated notes

Levels and vault maps discovered:
D:1:      heliophobic_arrival_dark_side_of_the_moon, layout_rooms,
          shapermc_ecumenical_altar_mp_urbaneastern, nrook_loot_triangle,
          roderic_st_hans_cross
D:2:      layout_loops_ring, serial_shops, shop, corner_web_ring, uniq_jessica
D:3:      kennysheep_six_static_rooms, layout_rooms,
          mainiacjoe_overflow_concentric_impassable, grunt_gozag_statues
D:4:      layout_basic, fedhas_ov_isle_minmay,
          mainiacjoe_sewer_entry_somewhere_in_here_2,
          chequers_hall_statues_corner_a, dreamdust_gnoll_farm
D:5:      layout_gridville, uniq_blork_the_orc
D:6:      layout_rooms, overflow_temple_1_default, makhleb_blood_cavern_becter,
          uniq_grinder
D:7:      layout_cave_pools, general_overflow_altar, zin_angel,
          minmay_temple_entry_butterflies, serial_gnoll_camp,
          gnoll_camp_mini_basic, gnoll_camp_huts_basic, gnoll_camp_mini_house,
          grums_kennel, uniq_pikel
D:8:      layout_cave_pools
D:9:      layout_rooms, kennysheep_mini_moat, hellmonk_lair_entry_icy
D:10:     minmay_bubble_buster, layout_rooms, david_orc_3, serial_shops, shop,
          minmay_crystal_room, minmay_diamond_spiral, uniq_fannar
Temple:   nicolae_temple_bog_church
Lair:1:   layout_big_grid, minivault_19, serial_bayou_pond_c, wad_woods_road_03,
          pdpol_lair_neglected_garden, dreamdust_deal_with_the_devil

Skill      XL: |  1  2  3  4  5  6  7  8  9 10 11 |
---------------+----------------------------------+-----
Fire Magic     | 3 4 5 6 7 8 |  8.5
Stealth        | 2 3 |  3.2
Dodging        | 2 3 4 5 |  5.4
Fighting       | 1 2 3 4 5 |  5.8
Translocations | 1 2 3 4 |  4.8
Conjurations   | 2 3 4 5 6 |  6.6
Shields        | 1 2 3 4 5 |  5.0
Spellcasting   | 3 4 5 |  5.6
Invocations    | 2 4 |  4.8
Armour         | 1 |  1.6
Necromancy     | 1 |  1.8
Poison Magic   | 1 |  1.5
Short Blades   | |  0.5
Polearms       | |  0.5
Hexes          | |  0.4

Action                     |  1- 3 |  4- 6 |  7- 9 | 10-12 || total
---------------------------+-------+-------+-------+-------++-------
  Melee: Dagger            |    22 |    34 |    29 |       ||    85
         Punch             |       |     1 |       |       ||     1
         Trident           |       |       |       |    45 ||    45
   Cast: Foxfire           |    32 |   112 |   217 |   125 ||   486
         Scorch            |     4 |    19 |    26 |    27 ||    76
         Inner Flame       |       |       |     5 |     5 ||    10
         Flame Wave        |       |       |     1 |     8 ||     9
         Blink             |       |       |       |     1 ||     1
         Volatile Blastmot |       |       |       |     4 ||     4
    Use: Scroll            |       |     2 |     6 |     1 ||     9
         Potion            |       |       |       |     4 ||     4
   Stab: Sleeping          |     2 |     2 |     2 |       ||     6
 Armour: Robe              |    13 |    12 |    45 |     3 ||    73
         Leather armour    |       |       |       |   126 ||   126
  Dodge: Dodged            |    18 |    30 |    97 |   121 ||   266
         Repelled          |       |       |       |     2 ||     2
  Block: Other             |       |    11 |    18 |       ||    29
         Reflection        |       |     1 |     2 |     7 ||    10
         Buckler           |       |       |    10 |    86 ||    96

Table legend: (Time is in decaauts)
 A = Elapsed time spent in this place.
 B = Non-inter-level travel time spent in this place.
 C = Inter-level travel time spent in this place.
 D = Time resting spent in this place.
 E = Time spent auto-exploring this place.
 F = Levels seen in this place.
 G = Mean time per level.
                   A        B        C        D        E       F      G
               +--------+--------+--------+--------+--------+-----+--------+
         Total |   9865 |   9552 |    313 |    268 |   6868 |  13 |  758.8 |
       Dungeon |   9322 |   9040 |    282 |    268 |   6566 |  10 |  932.2 |
        Temple |     15 |      1 |     14 |      0 |      0 |   1 |   15.0 |
          Lair |    260 |    244 |     16 |      0 |    129 |   1 |  260.0 |
         Sewer |    266 |    266 |      0 |      0 |    173 |   1 |  266.0 |
               +--------+--------+--------+--------+--------+-----+--------+

Top non-repeatable levels by time:
     D:7: 1456 daAuts
     D:5: 1049 daAuts
     D:3: 917 daAuts
     D:2: 916 daAuts
     D:4: 912 daAuts
     D:9: 909 daAuts
    D:10: 808 daAuts
     D:8: 803 daAuts
     D:1: 786 daAuts
     D:6: 761 daAuts
   Sewer: 266 daAuts
  Lair:1: 260 daAuts
  Temple: 15 daAuts
